 Dungeon Crawl Stone Soup version 0.15-a0-2352-g26abbdd (webtiles) character file.

5099 MrRokkomies the Basher (level 10, 0/78 HPs)
             Began as a Minotaur Artificer on July 31, 2014.
             Was a High Priest of Trog.
             Slain by an ancient zyme (9 damage)
             ... on Level 1 of the Abyss.
             The game lasted 00:34:47 (8890 turns).

MrRokkomies the Basher (Minotaur Artificer)         Turns: 8890, Time: 00:34:47

HP   0/78        AC 15     Str 13 (16) XL: 10   Next: 32%
MP  12/12        EV  6     Int  9      God: Trog [*****.]
Gold 626         SH  0     Dex 13 (14) Spells:  0 memorised,  9 levels left

rFire  . . .     SeeInvis +     a - +3 whip (drain)
rCold  . . .     Clarity  +     q - +2 chain mail {MR+}
rNeg   . . .     rCorr    .     (no shield)
rPois  .         rRot     .     (helmet restricted)
rElec  .         Spirit   .     N - +0 cloak
SustAb .         Warding  .     (no gloves)
rMut   .         Stasis   .     (no boots)
Gourm  .                        o - amulet of clarity
MR     +....                    (no ring)
                                p - ring of see invisible

@: non-regenerating, diseased, somewhat resistant to hostile enchantments,
extremely unstealthy
A: retaliatory headbutt, horns 2
a: Burn Spellbooks, Berserk, Trog's Hand, Brothers in Arms, Renounce Religion


You were on level 1 of the Abyss.
You worshipped Trog.
Trog was extremely pleased with you.
You were not hungry.

You visited 1 branch of the dungeon, and saw 9 of its levels.
You visited the Abyss 1 time.

You collected 626 gold pieces.

Inventory:

Hand weapons
 a - a +3 whip of draining (weapon)
 H - a +0 shortbow
Missiles
 j - 3 throwing nets (quivered)
 v - 28 poisoned needles
 L - 3 tomahawks of returning
 P - 20 arrows
Armour
 q - a +2 chain mail of magic resistance (worn)
 N - a +0 cloak (worn)
Magical devices
 b - a wand of flame (3)
 c - a wand of enslavement (0)
 d - a wand of random effects (11)
 z - a wand of slowing (11)
 A - a wand of enslavement (6)
 G - a wand of paralysis (11)
 J - a wand of frost (18)
 O - a wand of slowing (2)
 Q - a wand of frost (12)
 R - a wand of invisibility (5)
 T - a wand of fireball (2)
Comestibles
 f - 11 bread rations
 h - 11 beef jerkies
 i - 24 fruits
 u - 4 meat rations
Scrolls
 e - 6 scrolls of teleportation
 n - 2 scrolls of enchant weapon
 x - 4 scrolls of recharging
 y - 3 scrolls of remove curse
 E - 2 scrolls of fog
 F - 2 scrolls of enchant armour
 M - a scroll of magic mapping
 S - a scroll of identify
Jewellery
 o - an amulet of clarity (around neck)
 p - a ring of see invisible (left hand)
 B - an uncursed ring of fire
 I - an uncursed amulet of warding
 K - an uncursed ring of ice
Potions
 g - 2 potions of might
 k - 2 potions of curing
 l - a potion of haste
 m - 3 potions of heal wounds
 r - a potion of invisibility
 s - a potion of resistance
 t - a potion of restore abilities {unknown}
 w - a potion of mutation {unknown}
 C - 2 potions of agility
 D - a potion of confusion {unknown}


   Skills:
 * Level 3.8 Fighting
   Level 1.1 Short Blades
 - Level 12.0 Maces & Flails
 - Level 11.3 Armour
 * Level 3.6 Dodging
 - Level 0.7 Stealth
 - Level 5.0 Evocations


You had 9 spell levels left.
You didn't know any spells.

Dungeon Overview and Level Annotations

Branches:
Dungeon (9/15)             Temple (0/1) D:7
    Orc: D:9-12        Lair: D:8-11

Altars:
Cheibriados
Dithmenos
Okawaru
Trog
Vehumet
Xom
The Shining One

Shops:
D:9 =


Innate Abilities, Weirdness & Mutations

You reflexively headbutt those who attack you in melee.
You have a pair of horns on your head.


Message History

The ancient zyme is severely damaged.
A ynoxinul comes into view.
You hit the ancient zyme.
The ancient zyme is severely damaged.
The ancient zyme hits you!
* * * LOW HITPOINT WARNING * * *
You feel weakened.
The ancient zyme hits you but does no damage.
The smoke demon gestures at you. The ball of steam misses you.
You hit the ancient zyme but do no damage.
Your headbutt misses the ancient zyme.
The ancient zyme is severely damaged.
You are engulfed in a cloud of scalding steam.
The ynoxinul gestures.
You hit the ancient zyme but do no damage.
Your headbutt misses the ancient zyme.
The ancient zyme is severely damaged.
The ancient zyme hits you!
You die...

#...# #...# #.#.#
###. .# #.....#
#####.§§..#
.#....§§§#.# #
#.'....§§§.§#####.#
##.......@xZ...5%3
#......_§3#######
#.####...# .. ##.##
# #####


You could see an ancient zyme, a smoke demon, a ynoxinul, an ufetubus and a
titan skeleton.

Vanquished Creatures
  A thrashing horror (Abyss:1)
  Psyche (D:8)
  A yak (D:9)
  A hill giant skeleton (D:8)
  A human (D:7)
  2 hippogriffs
  The ghost of Charly the Nimble, an average FeBe of Trog (D:6)
  3 orc warriors
  A sky beast (D:9)
  5 ogres
  3 ice beasts
  2 centaurs (D:9)
  2 giant frogs
  A big kobold (D:9)
  A gnoll sergeant (D:9)
  2 scorpions
  A troll zombie (D:9)
  A wight (D:8)
  7 killer bees
  A hippogriff skeleton (D:8)
  A yak skeleton (D:7)
  A centaur zombie (D:5)
  An electric eel (D:9)
  2 crimson imps
  2 goliath beetles (D:6)
  A jelly (D:8)
  6 orc wizards
  A giant frog skeleton (D:8)
  7 hounds
  2 orc priests
  7 worker ants
  An orc zombie (D:8)
  16 adders
  2 gnolls (D:9)
  A shadow imp (D:6)
  An orc skeleton (D:6)
  A giant mite (D:2)
  A worm (D:4)
  An adder skeleton (D:8)
  2 giant geckos
  2 oozes
  29 orcs
  A bat zombie (D:8)
  11 giant cockroaches
  17 goblins
  13 hobgoblins
  19 kobolds
  4 quokkas
  3 ball pythons
  13 bats
  5 giant newts
  A giant spore (D:7)
  2 jackals (D:7)
  20 rats
  4 ballistomycetes
239 creatures vanquished.

Vanquished Creatures (collateral kills)
  A human (D:7)
  An ogre (D:3)
  A killer bee (D:8)
  4 wights (D:8)
  An orc priest (D:6)
  An orc wizard (D:7)
  3 gnolls (D:9)
  3 orcs
15 creatures vanquished.

Vanquished Creatures (others)
  An ogre (D:9)
  A giant spore (D:8)
2 creatures vanquished.

Grand Total: 256 creatures vanquished

Notes
Turn   | Place    | Note
--------------------------------------------------------------
     0 | D:1      | MrRokkomies, the Minotaur Artificer, began the quest for the Orb.
     0 | D:1      | Reached XP level 1. HP: 16/16 MP: 1/1
   246 | D:1      | Reached skill level 3 in Evocations
   248 | D:1      | Reached XP level 2. HP: 21/24 MP: 2/2
   583 | D:1      | Reached skill level 1 in Maces & Flails
   644 | D:1      | Reached XP level 3. HP: 26/29 MP: 3/3
  1462 | D:2      | Reached XP level 4. HP: 33/36 MP: 4/4
  1491 | D:2      | Reached skill level 4 in Evocations
  1911 | D:3      | Found a radiant altar of Vehumet.
  1962 | D:3      | Reached XP level 5. HP: 37/41 MP: 5/5
  2111 | D:3      | Found a bloodstained altar of Trog.
  2114 | D:3      | Became a worshipper of Trog the Wrathful
  2251 | D:3      | Found a shadowy altar of Dithmenos.
  2374 | D:3      | Noticed an ogre
  2399 | D:3      | Killed an ogre
  2399 | D:3      | Reached skill level 5 in Evocations
  2416 | D:3      | Reached skill level 1 in Armour
  2560 | D:4      | Acquired Trog's first power
  2616 | D:4      | Reached XP level 6. HP: 45/48 MP: 8/8
  2723 | D:4      | Found a glowing golden altar of the Shining One.
  3223 | D:4      | Reached skill level 5 in Maces & Flails
  3277 | D:4      | Noticed an ogre
  3281 | D:4      | Killed an ogre
  3416 | D:4      | Reached XP level 7. HP: 52/55 MP: 8/8
  3485 | D:5      | Entered Level 5 of the Dungeon
  3637 | D:5      | Acquired Trog's second power
  3668 | D:5      | Found a snail-covered altar of Cheibriados.
  3673 | D:5      | Reached skill level 6 in Maces & Flails
  3926 | D:5      | Found a shimmering altar of Xom.
  4081 | D:5      | Reached skill level 5 in Armour
  4301 | D:6      | Reached skill level 7 in Maces & Flails
  4555 | D:6      | Noticed Charly's ghost (average FeBe)
  4562 | D:6      | Killed Charly's ghost
  4562 | D:6      | Reached XP level 8. HP: 61/61 MP: 9/9
  4750 | D:6      | Reached skill level 8 in Maces & Flails
  5345 | D:7      | Found a staircase to the Ecumenical Temple.
  5392 | D:7      | Reached skill level 9 in Maces & Flails
  5509 | D:7      | Found an iron altar of Okawaru.
  6081 | D:8      | Reached XP level 9. HP: 64/67 MP: 11/11
  6499 | D:8      | Reached skill level 10 in Maces & Flails
  6585 | D:8      | Acquired Trog's third power
  6764 | D:8      | Noticed Psyche
  6780 | D:8      | Killed Psyche
  6780 | D:8      | Reached skill level 10 in Armour
  6792 | D:8      | Reached skill level 11 in Maces & Flails
  7104 | D:8      | Received a gift from Trog
  8035 | D:9      | Reached XP level 10. HP: 71/73 MP: 12/12
  8442 | D:9      | Found Kabbid's Jewellery Shoppe.
  8510 | D:9      | Reached skill level 12 in Maces & Flails
  8543 | D:9      | Cast into the Abyss (orc warrior)
  8606 | Abyss:1  | Noticed a thrashing horror
  8625 | Abyss:1  | Killed a thrashing horror
  8638 | Abyss:1  | Noticed a large abomination
  8660 | Abyss:1  | Found an opulent altar of Gozag.
  8663 | Abyss:1  | Noticed a large abomination
  8664 | Abyss:1  | Found a corrupted altar of Lugonu.
  8878 | Abyss:1  | Noticed a titan skeleton
  8890 | Abyss:1  | Slain by an ancient zyme

Action                   |  1- 3 |  4- 6 |  7- 9 | 10-12 || total
-------------------------+-------+-------+-------+-------++-------
Melee: Spear             |    23 |       |       |       ||    23
       Whip              |    73 |   149 |   480 |    90 ||   792
Throw: Throwing net      |       |       |     1 |     1 ||     2
Invok: Berserk           |       |       |       |     1 ||     1
Evoke: Wand              |       |     2 |    40 |     5 ||    47
  Use: Scroll            |     2 |     9 |    10 |     1 ||    22
       Potion            |       |       |       |     1 ||     1
 Stab: Paralysed         |       |       |     1 |       ||     1
       Held in net/web   |       |       |       |     1 ||     1
  Eat: Chunk             |     2 |     6 |     9 |     2 ||    19
       Pizza             |       |       |     3 |       ||     3
       Fruit             |       |       |     1 |       ||     1
       Meat ration       |       |       |       |     1 ||     1
